 Dungeon Crawl Stone Soup version 0.21-a0-440-g28109cb (webtiles) character file.

64 mortelune the Skirmisher (level 3, -2/33 HPs)
             Began as a Minotaur Fighter on Nov 11, 2017.
             Slain by a gnoll
             ... wielding a +0 spear
              (9 damage)
             ... on level 4 of the Dungeon.
             The game lasted 00:02:36 (825 turns).

mortelune the Skirmisher (Minotaur Fighter)          Turns: 825, Time: 00:02:37

Health: -2/33      AC:  7    Str: 21    XL:     3   Next: 91%
Magic:  2/2        EV:  7    Int:  5    God:
Gold:   77         SH:  9    Dex:  9    Spells: 2/2 levels left

rFire    . . .     SeeInvis .   a - +0 war axe
rCold    . . .     Gourm    .   c - +0 shield
rNeg     . . .     Faith    .   b - +0 scale mail
rPois    .         Spirit   .   (helmet restricted)
rElec    .         Reflect  .   (no cloak)
rCorr    .         Harm     .   (no gloves)
MR       .....                  (no boots)
Stlth    ..........             (no amulet)
HPRegen  0.11/turn              (no ring)
MPRegen  0.08/turn              (no ring)

@: no status effects
A: retaliatory headbutt, horns 2
a: no special abilities


You were on level 4 of the Dungeon.
You were not hungry.

You visited 1 branch of the dungeon, and saw 3 of its levels.

You collected 77 gold pieces.

Inventory:

Hand Weapons
 a - a +0 war axe (weapon)
Armour
 b - a +0 scale mail (worn)
 c - a +0 shield (worn)
 j - a +0 scale mail
Scrolls
 h - a scroll of fog {unknown}
 i - 4 scrolls of remove curse
 k - a scroll of fear {unknown}
 l - 2 scrolls of identify {unknown}
 m - a scroll of recharging {unknown}
Potions
 d - a potion of might
 e - a potion of flight {unknown}
Comestibles
 f - a bread ration
 g - a royal jelly
 n - 2 meat rations


   Skills:
 + Level 4.2 Fighting
 * Level 4.1 Axes
 + Level 4.2 Armour
 - Level 3.6 Shields


You had 2 spell levels left.
You didn't know any spells.

Dungeon Overview and Level Annotations

Branches:
Dungeon (2/15)

Altars:
Cheibriados
Ru


Innate Abilities, Weirdness & Mutations

You reflexively headbutt those who attack you in melee.
You have a pair of horns on your head.


Message History

The orc shouts!
Your headbutt misses the gnoll shaman.
The gnoll shaman is heavily wounded.
You hear a shout! x2
The gnoll barely misses you. You block the gnoll shaman's attack.
The gnoll hits you from afar with a spear.
You hit the gnoll shaman.
The gnoll shaman is severely wounded.
The gnoll shaman utters an invocation to its god.
The gnoll shaman is healed somewhat.
The gnoll barely misses you. You block the gnoll shaman's attack.
You hit the gnoll shaman but do no damage.
The gnoll shaman is heavily wounded.
You closely miss the orc.
The gnoll hits you from afar with a spear.
* * * LOW HITPOINT WARNING * * *
You block the orc's attack.
The gnoll shaman hits you but does no damage.
The gnoll hits you from afar with a spear!
You die...

#......o.
#..W.....
#........
#.o.!....
#.......#
#.# #.#
#o# #@#
#g# #g#
#g# #.#
#.# #.#
#.# #.#


You could see a phantom (wandering), a gnoll shaman, 2 gnolls and 2 orcs.

Vanquished Creatures
  2 gnolls
  2 dart slugs
  An orc (D:4)
  A bat (D:1)
  A giant cockroach (D:1)
  6 goblins (D:1)
  4 hobgoblins (D:1)
  6 jackals
  4 kobolds
  A quokka (D:2)
  2 ball pythons
  2 frilled lizards (D:2)
  4 rats
36 creatures vanquished.

Notes
Turn   | Place    | Note
-------+----------+-------------------------------------------
     0 | D:1      | mortelune the Minotaur Fighter began the quest for the Orb.
     0 | D:1      | Reached XP level 1. HP: 19/19 MP: 0/0
    48 | D:1      | Reached XP level 2. HP: 26/27 MP: 1/1
   169 | D:1      | Reached XP level 3. HP: 17/33 MP: 2/2
   684 | D:2      | Found a sacrificial altar of Ru.
   743 | D:2      | Found a snail-covered altar of Cheibriados.
   806 | D:2      | You fall through a shaft for 2 floors!
   825 | D:4      | Slain by a gnoll

Vault maps used:
D:1:      dpeg_arrival_line_fractal
D:2:      kennysheep_slug_shrine, lemuel_crystal_altar, nicolae_ru_awakened_eye,
          chequers_ecumenical_altar_island, due_unseen_surprise
D:4:      corexii_shack

Skill      XL: |  1  2  3 |
---------------+----------+-----
Axes           | 3 4 |  4.1
Fighting       | 4 |  4.2
Armour         | 4 |  4.2
Shields        | |  3.6

Action                   || total
-------------------------++-------
Melee: War axe           ||    78
       Headbutt          ||    16
  Use: Scroll            ||     1
Armor: Scale mail        ||    41
Dodge: Dodged            ||    33
Block: Shield            ||    39

Table legend:
 A = Spawn XP
 B = Non-spawn XP
 C = Spawn XP percentage of total XP
 D = Spawn monster count
 E = Non-spawn monster count
 F = Spawn count percentage of total count
 G = Total turns spent on level
                    A         B        C        D         E        F      G
               +---------+---------+-------+---------+---------+-------+---------
         Total |       0 |      92 |   0.0 |       0 |      36 |   0.0 |   825
               +---------+---------+-------+---------+---------+-------+---------
           D:1 |       0 |      55 |   0.0 |       0 |      23 |   0.0 |   628
           D:2 |       0 |      20 |   0.0 |       0 |      11 |   0.0 |   178
           D:4 |       0 |      17 |   0.0 |       0 |       2 |   0.0 |    19
               +---------+---------+-------+---------+---------+-------+---------
